AoeStats
← slickbick

Arabian Desert

509933618Analyzed
1v1 RM · 2d ago on Sep 28, 2026· 36m 36s· 2 players
Game mode
Random Map
Map size
Tiny (2 player)
Population
200
Speed
Normal
Resources
Standard
Victory
Conquest
Starting age
Dark Age
Ending age
Imperial Age
RankedLock teamsTeams togetherTeam positionsShared explorationLock speedFull tech treeHidden civsTurbo modeCheats
Victory
Defeat
🇺🇸 Ethiopians · United States
1059
+16
🇪🇸 Mongols · Spain
1069
-16
slickbick
6:52 Loom
6:56 Loom
9:41 Feudal Age
10:38 Double-Bit Axe
17:24 Fletching
21:21 Castle Age
21:27 Crossbowman
28:15 Wheelbarrow
28:21 Bodkin Arrow
32:24 Ballistics
32:23 Padded Archer Armor
33:33 Leather Archer Armor
33:47 Bow Saw
Wololo1660
8:37 Feudal Age
7:34 Loom
14:07 Double-Bit Axe
14:40 Fletching
23:59 Castle Age
23:24 Padded Archer Armor
23:27 Horse Collar
24:12 Crossbowman
25:00 Thumb Ring
28:18 Bodkin Arrow
29:24 Bow Saw
30:59 Wheelbarrow
32:58 Leather Archer Armor
33:22 Heavy Plow
34:32 Gold Mining
Connection lost

Rejoining the realm…

Still unreachable

The connection could not be restored.

Session expired

The server has moved on; the page needs a fresh start.